 Dungeon Crawl Stone Soup version 0.31-a0-604-g8e0283293c (webtiles) character file.

Game seed: 7785357875889154198

757 Dirtsage the Changeling (level 7, -10/44 HPs)
             Began as an Octopode Shapeshifter on Aug 21, 2023.
             Mangled by a gnoll
             ... wielding a +0 halberd
             ... led by a gnoll bouda
              (11 damage)
             ... on level 5 of the Dungeon.
             The game lasted 00:09:37 (4275 turns).

Dirtsage the Changeling (Octopode Shapeshifter)     Turns: 4275, Time: 00:09:38

Health: -10/44     AC:  1    Str: 12 (14) XL:     7   Next: 79%
Magic:  7/7        EV: 13    Int: 11 (12) God:
Gold:   312        SH:  0    Dex: 11 (13) Spells: 6/6 levels left

rFire   . .          .
                       - Unarmed
rCold   . . .        (no shield)
rNeg    . . .        (helmet currently unavailable)
rPois   .            (no amulet)
rElec   .            (no ring)
rCorr   .            (no ring)
SInv    .            (no ring)
Will    .....        (no ring)
Stlth   ++           (no ring)
HPRegen 0.27/turn    (no ring)
MPRegen 0.10/turn    (no ring)
                     (no ring)

%: no passive effects
@: beast-form
A: beast (slay +4), almost no armour, amphibious, 8 rings, camouflage 1,
gelatinous body 1, (nimble swimmer 1), tentacles
a: Begin Untransformation


You were on level 5 of the Dungeon.
You were a hulking beast.
You visited 2 branches of the dungeon, and saw 6 of its levels.

You collected 312 gold pieces.

Inventory:

Hand Weapons
 o - the +7 long sword of Lust {freeze, rF+ Will+}
   (You found it on level 2 of the Dungeon)

   rF+:       It protects you from fire.
   Will+:     It increases your willpower.
Missiles
 j - 2 throwing nets
Jewellery
 d - an amulet of faith
Talismans
 b - a beast talisman (active)
 c - a flux talisman
Scrolls
 a - a scroll of revelation {unknown}
 e - 2 scrolls of enchant weapon {unknown}
 g - a scroll of silence {unknown}
 k - 2 scrolls of identify {unknown}
 l - 2 scrolls of enchant armour {unknown}
 m - 2 scrolls of poison {unknown}
 p - a scroll of teleportation {unknown}
Potions
 f - a potion of degeneration
 h - 2 potions of brilliance
 i - a potion of cancellation {unknown}
 n - a potion of invisibility {unknown}
 q - a potion of curing


   Skills:
 + Level 1.7 Fighting
 - Level 2.0 Dodging
 * Level 3.7 Unarmed Combat
 + Level 7.3 Shapeshifting


You had 6 spell levels left.
You didn't know any spells.
Your spell library contained the following spells:

 Spells                   Type           Power      Damage    Failure   Level
 Summon Guardian Golem    Hex/Summ       0%         N/A       71%         3
 Tukima's Dance           Hex            0%         N/A       71%         3
 Vhi's Electric Charge    Tloc/Air       0%         N/A       71%         3
 Passage of Golubria      Tloc           0%         N/A       98%         4
 Arcjolt                  Conj/Air       0%         1d10      100%        5
 Yara's Violent Unravell  Hex/Tmut       0%         3d3       100%        5
 Plasma Beam              Fire/Air       0%         2x1d10    100%        6
 Orb of Destruction       Conj           0%         9d5       100%        7
 Spellforged Servitor     Conj/Summ      0%         N/A       100%        7


Dungeon Overview and Level Annotations

Branches:
Dungeon (5/15)             Temple (1/1) D:5

Altars:
Ashenzari
Cheibriados
Dithmenos
Fedhas
Kikubaaqudgha
Makhleb
Okawaru
Qazlal
Ru
Sif Muna
Trog
Uskayaw
Vehumet
Xom
Zin
Lugonu


Innate Abilities, Weirdness & Mutations

You are a hulking beast.
Your limbs bulge with bestial killing power. (Slay +4)
You cannot wear most types of armour.
You are amphibious.
You can wear up to eight rings at the same time.
Your skin changes colour to match your surroundings (Stealth+).
Your rubbery body absorbs attacks. (AC +1, EV +1)
((You are camouflaged when in or above water. (Stealth+)))
You have tentacles for arms and can constrict up to eight enemies at once.


Message History

The gnoll bouda gazes fiercely through you!
You feel your attacks grow feeble.
The gnoll shouts!
A gnoll comes into view. It is wielding a +0 flail.
The gnoll bouda gazes fiercely through you!
You feel as though you will be weak longer.
The gnoll bouda gazes fiercely through you!
You feel as though you will be weak longer.
The gnoll attacks as it pursues you! The gnoll barely misses you.
The gnoll bouda barks out a call to the hunt!
The gnolls pick up the pace!
The gnoll attacks as it pursues you! The gnoll closely misses you.
The gnoll attacks as it pursues you! The gnoll misses you.
The gnoll attacks as it pursues you! The gnoll closely misses you.
Your attacks no longer feel as feeble.
The gnoll hits you with a +0 flail!
The gnoll hits you from afar with a +0 halberd!
You take 21 damage, and have 23/44 hp.
MASSIVE DAMAGE!!
The gnoll misses you.
The gnoll hits you from afar with a +0 halberd.
You take 3 damage, and have 21/44 hp.
The gnoll attacks as it pursues you! The gnoll misses you.
The gnoll attacks as it pursues you! The gnoll barely misses you.
The gnoll attacks as it pursues you!
The gnoll hits you from afar with a +0 halberd!
* * * LOW HITPOINT WARNING * * *
The gnoll barely misses you.
You take 14 damage, and have 8/44 hp.
MASSIVE DAMAGE!!
The gnoll hits you with a +0 flail.
* * * LOW HITPOINT WARNING * * *
There is an open door here.
You take 6 damage, and have 2/44 hp.
You tentacle-slap the gnoll but do no damage.
Your grab misses the gnoll.
The gnoll is no longer moving quickly.
The gnoll hits you with a +0 flail.
* * * LOW HITPOINT WARNING * * *
You take 2 damage, and have 1/44 hp.
The gnoll attacks as it pursues you!
The gnoll hits you from afar with a +0 halberd!
You die...

#.###.###.###....##...........#
#.....# #.###..g..##...##...###
###.### #.รท....g.########...#
#.# #######.## ##.## #.#######
#g# #.# #.......# #.# #.#
##.#####.# ##g## #.# #...####.#
##.g.## #.# #.#....#.###..h..##
###.#### #....#.#.##.......##
#......#
##.....#.#....<....####.#....##
#.................'...........
###.................####...#####
#...#...##.#.......## ##.##
#.......##.##.....## #.#
#...##.###.###...## #.#
##.###.#........## #.#


You could see a gnoll bouda and 4 gnolls.

Vanquished Creatures
  Sigmund (D:4)
  A black bear (D:4)
  A hound (D:5)
  3 orc priests
  5 orc wizards
  An iguana (D:4)
  Terence (D:3)
  3 gnolls (D:2)
  9 adders
  An ufetubus (D:5)
  A worm (D:5)
  A dart slug (D:1)
  15 orcs
  5 bats
  8 endoplasms
  5 giant cockroaches
  10 hobgoblins
  4 jackals
  7 ball pythons
  5 frilled lizards
  4 goblins
  3 kobolds
  2 rats (D:1)
96 creatures vanquished.

Notes
Turn   | Place    | Note
-------+----------+-------------------------------------------
     0 | D:1      | Dirtsage the Octopode Shapeshifter began the quest for the
                  | Orb.
     0 | D:1      | Reached XP level 1. HP: 13/13 MP: 1/1
   235 | D:1      | Reached XP level 2. HP: 18/18 MP: 2/2
   403 | D:1      | Reached XP level 3. HP: 23/23 MP: 3/3
   962 | D:2      | Reached skill level 4 in Shapeshifting
  1109 | D:2      | Found a broken altar of Ashenzari.
  1205 | D:2      | Found a faded altar of an unknown god.
  1265 | D:2      | Reached XP level 4. HP: 21/28 MP: 4/4
  1536 | D:2      | Identified the +7 long sword of Lust {freeze, rF+ Will+}
  1706 | D:3      | Found a hide-covered altar of Uskayaw.
  1891 | D:3      | Noticed Terence
  1908 | D:3      | Killed Terence
  1909 | D:3      | Reached skill level 5 in Shapeshifting
  1909 | D:3      | Reached XP level 5. HP: 23/33 MP: 5/5
  2054 | D:3      | Found a shimmering altar of Xom.
  2283 | D:3      | Found a stormy altar of Qazlal.
  2367 | D:3      | Found a burning altar of Makhleb.
  2367 | D:3      | Noticed a cacodemon
  2545 | D:3      | Reached XP level 6. HP: 27/38 MP: 6/6
  3016 | D:4      | Noticed Sigmund
  3031 | D:4      | Reached skill level 6 in Shapeshifting
  3243 | D:4      | Killed Sigmund
  3244 | D:4      | Reached XP level 7. HP: 34/43 MP: 7/7
  3760 | D:4      | Found an ancient bone altar of Kikubaaqudgha.
  3784 | D:4      | Reached skill level 7 in Shapeshifting
  3998 | D:5      | Entered Level 5 of the Dungeon
  4202 | D:5      | Found a staircase to the Ecumenical Temple.
  4218 | Temple   | Entered the Ecumenical Temple
  4272 | D:5      | HP: 2/44 [gnoll/+0 flail[a gnoll bouda] (6)]
  4275 | D:5      | Mangled by a gnoll

Illustrated notes

Levels and vault maps discovered:
D:1:      wander_arrival_lonely_grave, layout_basic
D:2:      layout_loops_corners, shapermc_ecumenical_altar_pompeii, basic_altar
D:3:      layout_loops_corners, mainiacjoe_overflow_alcove_2,
          eat_drink_and_be_merry_uskayaw, makhleb_altar_promises_db,
          mainiacjoe_overflow_24_doors, uniq_terence
D:4:      layout_rooms, general_overflow_altar, nicolae_titane, uniq_sigmund
D:5:      layout_loops_corners, minmay_temple_entry_crystal_x
Temple:   kb_corrupted_temple

Skill      XL: |  1  2  3  4  5  6  7 |
---------------+----------------------+-----
Shapeshifting  | 4 5 6 7 |  7.3
Fighting       | |  1.7
Dodging        | |  2.0
Unarmed Combat | |  3.7

Action                     |  1- 3 |  4- 6 |  7- 9 || total
---------------------------+-------+-------+-------++-------
  Melee: Unarmed           |    57 |   104 |    63 ||   224
         Constrict         |    13 |    22 |    20 ||    55
         Tentacles         |     9 |    16 |    20 ||    45
         Punch             |     2 |     6 |     2 ||    10
    Use: Potion            |       |     1 |     3 ||     4
   Stab: Sleeping          |     8 |     2 |     1 ||    11
         Distracted        |       |     1 |       ||     1
 Armour: Skin              |     7 |    16 |     1 ||    24
  Dodge: Dodged            |    41 |    39 |    36 ||   116
   Form: Beast             |       |     1 |       ||     1
         Flux              |       |     1 |       ||     1

Table legend: (Time is in decaauts)
 A = Elapsed time spent in this place.
 B = Non-inter-level travel time spent in this place.
 C = Inter-level travel time spent in this place.
 D = Time resting spent in this place.
 E = Time spent auto-exploring this place.
 F = Levels seen in this place.
 G = Mean time per level.
                   A        B        C        D        E       F      G
               +--------+--------+--------+--------+--------+-----+--------+
         Total |   4262 |   4149 |    113 |    353 |   3122 |   6 |  710.3 |
       Dungeon |   4233 |   4127 |    106 |    353 |   3122 |   5 |  846.6 |
        Temple |     28 |     21 |      7 |      0 |      0 |   1 |   28.0 |
               +--------+--------+--------+--------+--------+-----+--------+

Top non-repeatable levels by time:
     D:3: 1625 daAuts
     D:2: 902 daAuts
     D:1: 749 daAuts
     D:4: 708 daAuts
     D:5: 247 daAuts
  Temple: 28 daAuts
